 Dungeon Crawl Stone Soup version 0.30-a0-540-g0af01429fa (webtiles) character file.

Game seed: 7263849936973673659

144 Jase the Cutter (level 5, 0/27 HPs)
             Began as a Vine Stalker Fighter on Dec 25, 2022.
             Splashed by a jelly's acid (8 damage)
             ... on level 3 of the Dungeon.
             The game lasted 00:03:17 (1825 turns).

Jase the Cutter (Vine Stalker Fighter)              Turns: 1825, Time: 00:03:18

Health: 0/27       AC: -4    Str: 19    XL:     5   Next: 27%
Magic:  0/6        EV:  9    Int: 14    God:
Gold:   89         SH:  5    Dex: 15    Spells: 4/4 levels left

rFire   + . .      SeeInvis .    a - +0 rapier
rCold   . . .      Faith    .    c - +0 buckler
rNeg    . . .      Spirit   +    b - +0 scale mail
rPois   .          Reflect  .    (no helmet)
rElec   .          Harm     .    (no cloak)
rCorr   .          Rampage  .    (no gloves)
Will    .....                    t - +0 pair of boots Stlth
                                 e - amulet of magic regeneration
HPRegen 1.04/turn                i - +6 ring of intelligence
MPRegen 0.50/turn                n - ring of protection from fire

@: corroded
A: fangs 2, regeneration 1, magic shield, antimagic bite, no potion heal 2
a: no special abilities


You were on level 3 of the Dungeon.
You visited 1 branch of the dungeon, and saw 3 of its levels.

You collected 89 gold pieces.

Inventory:

Hand Weapons
 a - a +0 rapier (weapon)
Missiles
 g - 37 stones (quivered)
Armour
 b - a +0 scale mail (worn)
 c - a +0 buckler (worn)
 t - a +0 pair of boots (worn)
Jewellery
 e - an amulet of magic regeneration (around neck)
 i - a +6 ring of intelligence (left hand)
 n - a ring of protection from fire (right hand)
Scrolls
 f - a scroll of amnesia {unknown}
 m - 6 scrolls of identify {unknown}
 o - 4 scrolls of fear {unknown}
 q - 3 scrolls of teleportation {unknown}
 r - a scroll of vulnerability {unknown}
Potions
 d - 2 potions of might
 h - a potion of magic {unknown}
 j - 2 potions of mutation {unknown}
 k - 2 potions of invisibility {unknown}
 l - 2 potions of curing {unknown}
 p - a potion of attraction {unknown}
 s - a potion of heal wounds {unknown}
 u - a potion of degeneration {unknown}


   Skills:
 - Level 2.6 Fighting
 + Level 4.8 Short Blades
 - Level 2.4 Armour
 - Level 2.6 Shields


You had 4 spell levels left.
You didn't know any spells.
Your spell library contained the following spells:

 Spells                   Type           Power      Damage    Failure   Level
 Freeze                   Ice            0%         1d3       75%         1
 Sting                    Tmut/Pois      0%         1d3       75%         1
 Cigotuvi's Dreadful Rot  Necr/Pois/Air  0%         N/A       87%         2
 Poisonous Vapours        Pois/Air       0%         N/A       87%         2
 Frozen Ramparts          Ice            0%         1d1       98%         3
 Hailstorm                Conj/Ice       0%         3d3       98%         3
 Dispel Undead            Necr           0%         3d6       100%        4
 Olgreb's Toxic Radiance  Pois           0%         N/A       100%        4
 Death Channel            Necr           0%         N/A       100%        6


Dungeon Overview and Level Annotations

Branches:
Dungeon (3/15)

Altars:

Annotations:
D:3 1 runed translucent door, avis's ghost, amateur DgIE


Innate Abilities, Weirdness & Mutations

You have extremely sharp teeth.
Your natural rate of healing is unusually fast.
When hurt, damage is shared between your health and your magic reserves.
Your bite disrupts and absorbs the magic of your enemies.
Potions cannot restore your health.


Message History

Avis's ghost says, "Missed me!"
You block the jelly's attack. The jelly hits you but does no damage.
You hit the jelly but do no damage. The acid corrodes you!
Your hands burn!
The jelly is lightly wounded.
You hit the jelly. The acid corrodes you!
Your hands burn!
You bite the jelly, but do no damage.
The jelly is heavily wounded.
The jelly barely misses you.
You hit the jelly.
Your hands burn!
The jelly is heavily wounded.
The jelly barely misses you.
You hit the jelly but do no damage. The acid corrodes you!
Your hands burn!
The jelly is heavily wounded.
The jelly barely misses you.
You hit the jelly.
Your hands burn!
The jelly is severely wounded.
The jelly closely misses you.
You hit the jelly but do no damage.
Your hands burn!
The jelly is severely wounded.
The jelly closely misses you.
You hit the jelly.
Your hands burn!
You bite the jelly, but do no damage.
The jelly is severely wounded.
The jelly closely misses you.
You hit the jelly.
Your hands burn!
You bite the jelly, but do no damage.
The jelly is almost dead.
The jelly barely misses you. The jelly hits you.
You are splashed with acid!
You barely miss the jelly.
The jelly is almost dead.
The jelly misses you.
You hit the jelly but do no damage.
Your hands burn!
You bite the jelly, but do no damage.
The jelly is almost dead.
You hit the jelly.
Your hands burn!
The jelly is almost dead.
The jelly barely misses you.
You hit the jelly but do no damage.
Your hands burn!
* * * LOW HITPOINT WARNING * * *
The jelly is almost dead.
The jelly hits you.
You are splashed with acid!
You die...

##.## ...## . .... .#.#
###### ##.#.#.. .#.#.
###........#...###.....
#.#### ............. .#
#............. .#
#.##.......... .#
#.#....J#+#... ####.
#.##..@##.##.. ..#.. #
#.#...##...##. .....
#.#.#..##W....##
..#######.#....#⌠.?♣!.⌠#
...............##.....##
###########.#...##...##.
..........#......##⌠##..
..#######...#.#...###..
#†.....................


You could see a jelly and avis's ghost.

Vanquished Creatures
  Natasha (thrice) (D:2)
  4 adders
  A worm (D:2)
  A dart slug (D:2)
  2 endoplasms
  3 hobgoblins
  4 kobolds
  A quokka (D:3)
  2 ball pythons
  6 bats
  3 frilled lizards
  3 goblins
  A rat (D:2)
34 creatures vanquished.

Vanquished Creatures (others)
  4 plants
4 creatures vanquished.

Grand Total: 38 creatures vanquished

Notes
Turn   | Place    | Note
-------+----------+-------------------------------------------
     0 | D:1      | Jase the Vine Stalker Fighter began the quest for the Orb.
     0 | D:1      | Reached XP level 1. HP: 11/11 MP: 2/2
   176 | D:1      | Reached skill level 2 in Short Blades
   769 | D:2      | Reached XP level 2. HP: 11/16 MP: 3/3
   939 | D:2      | Reached skill level 3 in Short Blades
   939 | D:2      | Reached XP level 3. HP: 19/19 MP: 4/4
  1016 | D:2      | Noticed Natasha
  1026 | D:2      | Killed Natasha
  1027 | D:2      | Gained mutation: Your natural rate of healing is unusually
                  | fast. [Vine Stalker growth]
  1027 | D:2      | Reached XP level 4. HP: 14/23 MP: 3/5
  1213 | D:2      | Reached skill level 4 in Short Blades
  1292 | D:2      | Noticed Natasha
  1299 | D:2      | Killed Natasha
  1343 | D:2      | Noticed Natasha
  1354 | D:2      | Killed Natasha
  1355 | D:2      | Reached XP level 5. HP: 25/27 MP: 6/6
  1807 | D:3      | Found a runed translucent door.
  1807 | D:3      | Noticed avis's ghost (amateur DgIE)
  1825 | D:3      | Splashed by a jelly's acid

Illustrated notes

Levels and vault maps discovered:
D:1:      elethiomel_arrival_shortcut, layout_loops_ring, minmay_door_square,
          minmay_3d_cube
D:2:      layout_rooms, serial_forest, infiniplex_forest_lined_3,
          infiniplex_forest_lined_2, infiniplex_forest_end_3,
          infiniplex_forest_clump_diagonal, uniq_natasha
D:3:      layout_basic, serial_co_window_serial, co_window_paths_a,
          co_window_of_opportunity_a, co_window_paths_a, co_window_paths_b,
          co_window_paths_b, co_window_of_opportunity_a, co_window_corner_a,
          co_window_of_opportunity_a, co_window_paths_b, co_window_broadway_c,
          co_window_corner_b, co_window_2corner, co_window_sun, glass_columns_a,
          hellmonk_ghost_happy_afterlife, hangedman_decor_opposing,
          kennysheep_nondescript, minivault_5, minmay_misc_feat_roman,
          minmay_misc_feat_four_crosses, minmay_shallow_snake_nest

Skill      XL: |  1  2  3  4 |
---------------+-------------+-----
Short Blades   | 2 3 4 |  4.8
Fighting       | |  2.6
Armour         | |  2.4
Shields        | |  2.6

Action                   |  1- 3 |  4- 6 || total
-------------------------+-------+-------++-------
Melee: Rapier            |    65 |    69 ||   134
       Bite              |    17 |    21 ||    38
Armor: Scale mail        |    26 |    20 ||    46
Dodge: Dodged            |    21 |    32 ||    53
Block: Buckler           |    12 |     8 ||    20

Table legend: (Time is in decaauts)
 A = Elapsed time spent in this place.
 B = Non-inter-level travel time spent in this place.
 C = Inter-level travel time spent in this place.
 D = Time resting spent in this place.
 E = Time spent auto-exploring this place.
 F = Levels seen in this place.
 G = Mean time per level.
                   A        B        C        D        E       F      G
               +--------+--------+--------+--------+--------+-----+--------+
         Total |   1838 |   1800 |     38 |     95 |   1393 |   3 |  612.7 |
       Dungeon |   1838 |   1800 |     38 |     95 |   1393 |   3 |  612.7 |
               +--------+--------+--------+--------+--------+-----+--------+

Top non-repeatable levels by time:
     D:1: 735 daAuts
     D:2: 639 daAuts
     D:3: 463 daAuts
